 Dungeon Crawl Stone Soup version 0.28-a0-261-gc0b50483a2 (webtiles) character file.

Game seed: 7745651506639850535

7415 Morrissey the Frost Mage (level 11, -1/81 HPs)
             Began as a Merfolk Ice Elementalist on Aug 27, 2021.
             Was a Follower of Okawaru.
             Slain by an eight-headed hydra (10 damage)
             ... on level 11 of the Dungeon.
             The game lasted 00:40:38 (15586 turns).

Morrissey the Frost Mage (MfIE)                    Turns: 15586, Time: 00:40:39

Health: -1/81      AC: 15    Str:  8    XL:     11   Next: 14%
Magic:  11/19      EV: 16    Int: 19    God:    Okawaru [*.....]
Gold:   500        SH:  0    Dex: 14    Spells: 10/21 levels left

rFire   . . .      SeeInvis .   b - +0 trident (venom)
rCold   . . .      Faith    .   (no shield)
rNeg    . . .      Spirit   .   g - +0 robe
rPois   .          Reflect  .   B - +2 hat
rElec   .          Harm     .   E - +1 cloak {Stlth+}
rCorr   .          Rampage  .   (no gloves)
Will    .....                   v - +0 pair of boots
Stlth   ++++......              (no amulet)
HPRegen 0.23/turn               J - ring of wizardry
MPRegen 0.16/turn               K - +4 ring of slaying

@: ice-armoured, freezing walls
A: (nimble swimmer 2), mertail
a: Renounce Religion, Heroism


You were on level 11 of the Dungeon.
You worshipped Okawaru.
Okawaru was aware of your devotion.
You visited 2 branches of the dungeon, and saw 12 of its levels.

You collected 500 gold pieces.

Inventory:

Hand Weapons
 a - a +5 dagger
 b - a +0 trident of venom (weapon)
 k - a +2 vorpal quarterstaff
 r - a +1 dagger of holy wrath
 t - the +4 hunting sling "Qycvolig" {speed, rCorr Int-5 Dex+4 Stlth+}
   (You found it on level 5 of the Dungeon)

   Attacks with this weapon are significantly faster.
   Int:       It affects your intelligence (-5).
   Dex:       It affects your dexterity (+4).
   rCorr:     It protects you from acid and corrosion.
   Stlth:     It makes you more stealthy.
 w - a +0 spear
Missiles
 c - 5 javelins
Armour
 g - a +0 robe (worn)
 v - a +0 pair of boots (worn)
 B - a +2 hat (worn)
 E - a +1 cloak of stealth (worn)
Jewellery
 q - a ring of fire
 J - a ring of wizardry (left hand)
 K - a +4 ring of slaying (right hand)
Wands
 d - a wand of flame (49)
 e - a wand of paralysis (11)
 I - a wand of polymorph (5)
Scrolls
 f - a scroll of enchant armour {unknown}
 i - 2 scrolls of noise {unknown}
 j - 2 scrolls of fear {unknown}
 l - 2 scrolls of teleportation {unknown}
 m - 2 scrolls of immolation {unknown}
 s - 3 scrolls of vulnerability {unknown}
 u - 4 scrolls of magic mapping {unknown}
 y - 2 scrolls of silence {unknown}
 A - a scroll of enchant weapon {unknown}
 C - a scroll of blinking {unknown}
 G - a scroll of amnesia {unknown}
 H - a scroll of holy word {unknown}
Potions
 h - 4 potions of might
 n - a potion of ambrosia {unknown}
 o - 3 potions of heal wounds
 p - a potion of curing
 x - 2 potions of lignification
 z - a potion of haste
 D - 3 potions of brilliance
 F - a potion of flight


   Skills:
 * Level 5.9 Fighting
 - Level 7.3 Short Blades
 + Level 3.7 Polearms
 - Level 10.0 Dodging
 - Level 5.0 Stealth
 - Level 5.7 Spellcasting
 + Level 4.8 Conjurations
 - Level 10.0 Ice Magic
 + Level 0.4 Invocations


You had 10 spell levels left.
You knew the following spells:

 Your Spells              Type           Power      Damage    Failure   Level
a - Freeze                Ice            100%       1d11      1%          1
b - Frozen Ramparts       Ice            86%        1d10      1%          3
c - Ozocubu's Armour      Ice            43%        N/A       1%          3
d - Hailstorm             Conj/Ice       33%        3d8       2%          4

Your spell library contained the following spells:

 Spells                   Type           Power      Damage    Failure   Level
 Magic Dart               Conj           92%        1d7       1%          1
 Shock                    Conj/Air       56%        1d6       1%          1
 Ensorcelled Hibernation  Hex/Ice        48%        N/A       1%          2
 Searing Ray              Conj           46%        3d4       1%          2
 Corona                   Hex            5%         N/A       4%          1
 Ice Form                 Ice/Tmut       24%        N/A       6%          4
 Blink                    Tloc           N/A        N/A       7%          2
 Passwall                 Tmut/Erth      4%         N/A       7%          2
 Spider Form              Tmut/Pois      2%         N/A       14%         3
 Swiftness                Air            5%         N/A       14%         3
 Fulminant Prism          Conj/Hex       7%         3d7       16%         4
 Airstrike                Air            2%         N/A       41%         4
 Passage of Golubria      Tloc           N/A        N/A       41%         4
 Lightning Bolt           Conj/Air       7%         1d19      41%         5
 Manifold Assault         Tloc           5%         N/A       75%         5
 Silence                  Hex/Air        2%         N/A       75%         5
 Invisibility             Hex            2%         N/A       99%         6
 Storm Form               Tmut/Air       2%         N/A       100%        7
 Lehudib's Crystal Spear  Conj/Erth      7%         10d3      100%        8
 Maxwell's Capacitive Co  Air            2%         ∞         100%        8
 Summon Ice Beast         Ice/Summ       Unusable   N/A       N/A         4
 Tukima's Dance           Hex            Unusable   N/A       N/A         3
 Summon Lightning Spire   Summ/Air       Unusable   N/A       N/A         4
 Shadow Creatures         Summ           Unusable   N/A       N/A         6

Dungeon Overview and Level Annotations

Branches:
Dungeon (11/15)            Temple (1/1) D:7
   Lair: D:8-11         Orc: D:9-12

Altars:
Ashenzari
Cheibriados
Dithmenos
Elyvilon
Fedhas
Gozag
Hepliaklqana
Kikubaaqudgha
Makhleb
Nemelex Xobeh
Okawaru
Qazlal
Ru
Sif Muna
Trog
Uskayaw
Vehumet
Wu Jian
Xom
Yredelemnul
Zin
The Shining One

Shops:
D:4 :   D:6 *   D:7 :(

Annotations:
D:3 exclusion: downstairs
D:6 exclusion: 2 downstairs
D:7 3 runed translucent doors, Tutankhamun's ghost, novice SpBr
D:8 exclusion: wight
D:11 exclusion: cyclops


Innate Abilities, Weirdness & Mutations

((You are quick and stealthy near water. (Stealth+, EV+, Speed+++)))
Your lower body shifts to a powerful aquatic tail in water.


Message History

You freeze the eight-headed hydra!
The eight-headed hydra is severely wounded.
The wall freezes the eight-headed hydra!
The eight-headed hydra seems to slow down.
The eight-headed hydra misses you.
The eight-headed hydra bites you but does no damage.
The eight-headed hydra bites you. x2
* * * LOW HITPOINT WARNING * * *
The eight-headed hydra barely misses you.
The eight-headed hydra bites you but does no damage.
The eight-headed hydra bites you!
* * * LOW HITPOINT WARNING * * *
The eight-headed hydra bites you.
* * * LOW HITPOINT WARNING * * *
Unknown command.
Casting: Freeze (safe; 1% risk of failure)
Confirm with . or Enter, or press ? or * to list all spells.
Aiming: Freeze (safe; 1% risk of failure)
Press: ? - help, Shift-Dir - straight line, f/p - eight-headed hydra
Aim: an eight-headed hydra (almost dead, slow)
You freeze the eight-headed hydra.
The eight-headed hydra is almost dead.
The eight-headed hydra seems to slow down.
Unknown command.
Casting: Freeze (safe; 1% risk of failure)
Confirm with . or Enter, or press ? or * to list all spells.
Aiming: Freeze (safe; 1% risk of failure)
Press: ? - help, Shift-Dir - straight line, f/p - eight-headed hydra
Aim: an eight-headed hydra (almost dead, slow)
You freeze the eight-headed hydra.
The eight-headed hydra is almost dead.
The wall freezes the eight-headed hydra!
The eight-headed hydra bites you!
* * * LOW HITPOINT WARNING * * *
The eight-headed hydra closely misses you.
The eight-headed hydra bites you but does no damage. x2
The eight-headed hydra bites you.
* * * LOW HITPOINT WARNING * * *
The eight-headed hydra misses you. The eight-headed hydra bites you!
You die...

#..#......#
#..#......#
#..#......#
#..#......#
######..#......#
.........#......#
.........'...#
.........#...#
##########@..#
.........D...#
.............#
.........#####
.........#
.........#
.........#
.#########


You could see an eight-headed hydra (slow).

Vanquished Creatures
  Pikel (D:6)
  Maurice (D:9)
  Joseph (D:8)
  An unseen horror (D:10)
  A kobold demonologist (D:10)
  A slime creature (D:6)
  A water elemental (D:11)
  A wyvern (D:9)
  A spriggan (D:8)
  A steam dragon (D:8)
  A warg (D:9)
  A water moccasin (D:8)
  A black bear (D:6)
  4 sky beasts
  3 orc warriors
  3 ogres
  A necrophage (D:4)
  A centaur (D:6)
  3 lemures (D:6)
  2 kobold brigands
  2 bullfrogs
  4 gnoll sergeants
  Blork the orc (D:6)
  A water moccasin zombie (D:5)
  4 scorpions
  A water moccasin skeleton (D:6)
  22 killer bees
  6 wights
  2 electric eels
  A hound (D:4)
  3 centaur zombies
  A bullfrog zombie (D:6)
  9 jellies
  A bullfrog skeleton (D:6)
  4 orc priests
  2 iguanas (D:6)
  Ijyb (D:4)
  5 orc wizards
  4 killer bee zombies
  A hound zombie (D:5)
  A howler monkey zombie (D:6)
  21 gnolls
  A howler monkey skeleton (D:7)
  10 adders
  A river rat (D:4)
  3 white imps
  2 ufetubi
  2 worms
  A dart slug (D:1)
  38 orcs
  7 ball pythons
  5 bats
  19 endoplasms
  5 giant cockroaches
  8 goblins
  3 hobgoblins
  4 jackals (D:4)
  8 quokkas
  5 frilled lizards
  17 kobolds
  9 rats
275 creatures vanquished.

Vanquished Creatures (others)
  7 fungi (D:6)
  A plant (D:11)
8 creatures vanquished.

Grand Total: 283 creatures vanquished

Notes
Turn   | Place    | Note
-------+----------+-------------------------------------------
     0 | D:1      | Morrissey the Merfolk Ice Elementalist began the quest for
                  | the Orb.
     0 | D:1      | Reached XP level 1. HP: 13/13 MP: 3/3
   289 | D:1      | Reached XP level 2. HP: 19/19 MP: 0/5
   634 | D:1      | Found a faded altar of an unknown god.
   652 | D:1      | Reached XP level 3. HP: 24/24 MP: 1/6
   784 | D:1      | Learned a level 3 spell: Frozen Ramparts
  1368 | D:2      | Reached skill level 5 in Ice Magic
  1610 | D:2      | Reached XP level 4. HP: 28/30 MP: 4/7
  2234 | D:3      | Reached skill level 1 in Short Blades
  2356 | D:3      | Found a broken altar of Ashenzari.
  3092 | D:3      | Reached XP level 5. HP: 29/35 MP: 4/9
  3096 | D:3      | Learned a level 3 spell: Ozocubu's Armour
  3659 | D:4      | Noticed Ijyb
  3666 | D:4      | Killed Ijyb
  3887 | D:4      | Noticed an ogre
  3887 | D:4      | Noticed a necrophage
  3956 | D:4      | Reached XP level 6. HP: 15/41 MP: 5/10
  4227 | D:4      | Noticed a sky beast
  4236 | D:5      | Entered Level 5 of the Dungeon
  4863 | D:5      | Learned a level 4 spell: Hailstorm
  4897 | D:5      | Reached XP level 7. HP: 46/46 MP: 1/11
  5063 | D:5      | Reached skill level 5 in Dodging
  5340 | D:5      | Found a blossoming altar of Fedhas.
  5340 | D:5      | Found an ornate altar of the Wu Jian Council.
  5857 | D:5      | Identified the +4 hunting sling "Qycvolig" {speed, rCorr
                  | Int-5 Dex+4 Stlth+}
  6029 | D:6      | Found Bigro's Elemental Accessories.
  6036 | D:6      | Reached XP level 8. HP: 52/52 MP: 10/13
  6102 | D:5      | Reached skill level 1 in Conjurations
  6550 | D:6      | Reached skill level 5 in Stealth
  6872 | D:6      | Noticed Blork the orc
  6882 | D:6      | Killed Blork the orc
  6971 | D:6      | Noticed Pikel
  6983 | D:6      | Killed Pikel
  6984 | D:6      | Reached skill level 5 in Short Blades
  6984 | D:6      | Reached XP level 9. HP: 54/57 MP: 6/16
  7398 | D:6      | Reached skill level 5 in Spellcasting
  8479 | D:4      | Found Cadonwe's Book Shoppe.
  8911 | D:4      | You fall into a shaft and drop 1 floor!
 10200 | D:8      | Reached XP level 10. HP: 59/63 MP: 18/18
 10318 | D:8      | Noticed Joseph
 10346 | D:8      | Killed Joseph
 10347 | D:8      | Reached skill level 10 in Ice Magic
 10927 | D:7      | Reached skill level 1 in Fighting
 10987 | D:7      | Found a runed translucent gate.
 10987 | D:7      | Found a runed translucent gate.
 10987 | D:7      | Found a runed translucent gate.
 10989 | D:7      | Noticed Tutankhamun's ghost (novice SpBr)
 11260 | D:7      | Found Nostres's Self-Improvement Boutique.
 11493 | D:7      | Identified the +4 ring mail "Late" {-Cast Will+ rCorr SInv}
 11790 | D:7      | Found Owaidwux's Antique Weapon Boutique.
 12213 | D:7      | Found a staircase to the Ecumenical Temple.
 12222 | Temple   | Entered the Ecumenical Temple
 12368 | Temple   | Became a worshipper of Warmaster Okawaru
 12924 | D:9      | Noticed Maurice
 12928 | D:9      | Killed Maurice
 13357 | D:9      | Reached * piety under Okawaru
 13601 | D:9      | Reached skill level 1 in Polearms
 13661 | D:9      | Noticed a two-headed ogre
 13844 | D:9      | Found an opulent altar of Gozag.
 14029 | D:10     | Entered Level 10 of the Dungeon
 14104 | D:10     | Found a hide-covered altar of Uskayaw.
 14110 | D:10     | Noticed a kobold demonologist
 14121 | D:10     | Noticed an orange demon
 14128 | D:10     | Killed a kobold demonologist
 14129 | D:10     | Reached skill level 10 in Dodging
 14129 | D:10     | Reached XP level 11. HP: 55/78 MP: 10/19
 14136 | D:10     | Reached skill level 5 in Fighting
 14486 | D:10     | Found an opulent altar of Gozag.
 15164 | D:11     | Noticed a cyclops
 15572 | D:11     | Noticed an eight-headed hydra
 15586 | D:11     | Slain by an eight-headed hydra

Illustrated notes

Levels and vault maps discovered:
D:1:      dpeg_arrival_more_subterranean_lakeside_camping, layout_basic,
          shapermc_ecumenical_altar_mp_ritualfount, st_stairs_7,
          hangedman_abyss_or_decor_stabs
D:2:      wander_river, layout_loops_cross, nrook_campfire,
          minmay_tree_intersection
D:3:      minmay_diamond_boxcup, layout_basic, mainiacjoe_overflow_paths
D:4:      layout_layer_cave, serial_shops, nicolae_shop_trees,
          gup_sewer_entry_spiral, uniq_ijyb
D:5:      layout_basic, grunt_temple_overflow_open, uniq_edmund
D:6:      lemuel_slime, layout_loops_cross, hangedman_decor_growths,
          nicolae_elemental_shop, uniq_pikel, uniq_blork_the_orc
D:7:      layout_loops_ring, minmay_temple_entry_poolview,
          gammafunk_ghost_necromancy, serial_shops, nicolae_shop_waterfront,
          nicolae_shop_self_help
D:8:      layout_loops_ring, the_hattery, uniq_joseph
D:9:      layout_big_octagon, kennysheep_little_box, erik_lair_orcish_takeover,
          lightli_orcish_oven, uniq_maurice
D:10:     layout_basic, chequers_serial_rivers_large_a, hangedman_feature_mirror
D:11:     layout_irregular_city, serial_bayou, serial_bayou_lagoon_a,
          serial_bayou_ford_a, serial_bayou_pond_d, serial_bayou_lake_a,
          serial_shops, nicolae_inconvenience_store
Temple:   regret_index_temple_mists

Skill      XL: |  1  2  3  4  5  6  7  8  9 10 11 |
---------------+----------------------------------+-----
Dodging        | 3 4 5 6 7 10 | 10.0
Ice Magic      | 5 6 7 8 9 10 | 10.0
Short Blades   | 1 2 3 5 6 7 |  7.3
Stealth        | 3 4 5 |  5.0
Spellcasting   | 3 4 5 |  5.7
Conjurations   | 2 3 4 |  4.8
Fighting       | 4 5 |  5.9
Polearms       | 2 3 |  3.7
Invocations    | |  0.4

Action                   |  1- 3 |  4- 6 |  7- 9 | 10-12 || total
-------------------------+-------+-------+-------+-------++-------
Melee: Mace              |     4 |       |       |       ||     4
       Dagger            |     2 |     6 |   157 |   113 ||   278
       Trident           |       |       |       |    76 ||    76
       Spear             |       |       |       |     5 ||     5
       Tailslap          |       |       |       |     2 ||     2
 Cast: Freeze            |    60 |    95 |   117 |    84 ||   356
       Frozen Ramparts   |       |     2 |    12 |    30 ||    44
       Ozocubu's Armour  |       |     1 |    10 |    19 ||    30
       Hailstorm         |       |       |     2 |     3 ||     5
Evoke: Wand              |       |       |       |     3 ||     3
  Use: Potion            |       |     1 |       |     8 ||     9
       Scroll            |       |       |       |     4 ||     4
 Stab: Sleeping          |       |       |     9 |    12 ||    21
Armor: Robe              |     8 |    10 |    42 |    89 ||   149
Dodge: Dodged            |    29 |    59 |   138 |   271 ||   497

Table legend: (Time is in decaauts)
 A = Elapsed time spent in this place.
 B = Non-inter-level travel time spent in this place.
 C = Inter-level travel time spent in this place.
 D = Time resting spent in this place.
 E = Time spent auto-exploring this place.
 F = Levels seen in this place.
 G = Mean time per level.
                   A        B        C        D        E       F      G
               +--------+--------+--------+--------+--------+-----+--------+
         Total |  15408 |  14949 |    459 |   4290 |   7608 |  12 | 1284.0 |
       Dungeon |  15287 |  14869 |    418 |   4290 |   7543 |  11 | 1389.7 |
        Temple |    121 |     80 |     41 |      0 |     65 |   1 |  121.0 |
               +--------+--------+--------+--------+--------+-----+--------+

Top non-repeatable levels by time:
     D:5: 2149 daAuts
     D:4: 2031 daAuts
     D:6: 1938 daAuts
     D:7: 1574 daAuts
     D:3: 1504 daAuts
     D:1: 1307 daAuts
     D:8: 1171 daAuts
     D:9: 1109 daAuts
    D:10: 1104 daAuts
     D:2: 962 daAuts
    D:11: 434 daAuts
  Temple: 121 daAuts
